 Dungeon Crawl Stone Soup version 0.25.0-1-g7eea58d2a3 (webtiles) character file.

Game seed: 3137940274956913921

231 Haldmier the Firebug (level 5, -3/28 HPs)
             Began as a Deep Elf Fire Elementalist on June 14, 2020.
             Engulfed by a cloud of flame (18 damage)
             ... on level 5 of the Dungeon.
             The game lasted 00:21:17 (3743 turns).

Haldmier the Firebug (Deep Elf Fire Elementalist)   Turns: 3743, Time: 00:21:18

Health: -3/28      AC:  5    Str:  5    XL:     5   Next: 72%
Magic:  6/13       EV: 12    Int: 21    God:
Gold:   121        SH:  0    Dex: 15    Spells: 4/12 levels left

rFire    . . .     SeeInvis .   v - +2 quarterstaff (chaos)
rCold    . . .     Gourm    .   (shield currently unavailable)
rNeg     . . .     Faith    .   r - +0 troll leather armour
rPois    .         Spirit   .   (no helmet)
rElec    .         Reflect  .   w - +0 cloak
rCorr    .         Harm     .   (no gloves)
MR       .....                  (no boots)
Stlth    ++........             (no amulet)
HPRegen  0.49/turn              (no ring)
MPRegen  0.13/turn              (no ring)

@: lethally poisoned (-3 -> -4)
A: no striking features
a: no special abilities


You were on level 5 of the Dungeon.
You were hungry.

You visited 1 branch of the dungeon, and saw 5 of its levels.

You collected 121 gold pieces.

Inventory:

Hand Weapons
 h - a +0 spear
 v - a +2 quarterstaff of chaos (weapon)
 x - a +3 falchion
Missiles
 d - 51 poisoned darts (quivered)
 j - 96 stones
 u - 3 boomerangs
Armour
 r - a +0 troll leather armour (worn)
 w - a +0 cloak (worn)
Jewellery
 e - a cursed ring of attention {unknown}
 q - an uncursed ring of flight {unknown}
 B - an uncursed ring of magical power {unknown}
Wands
 s - a wand of flame (13)
Scrolls
 a - 5 scrolls of teleportation {unknown}
 b - a scroll of enchant armour {unknown}
 g - a scroll of amnesia {unknown}
 l - 3 scrolls of identify {unknown}
 m - 2 scrolls of remove curse {unknown}
 o - 2 scrolls of magic mapping {unknown}
 y - a scroll of enchant weapon {unknown}
Potions
 f - a potion of brilliance {unknown}
 i - a potion of lignification {unknown}
 k - 2 potions of haste {unknown}
 n - a potion of ambrosia {unknown}
 p - 2 potions of flight {unknown}
 t - a potion of berserk rage {unknown}
 z - a potion of degeneration {unknown}
Comestibles
 c - 13 rations
 A - 4 chunks of flesh


   Skills:
 + Level 3.4 Dodging
 - Level 3.0 Stealth
 - Level 4.0 Spellcasting
 * Level 3.3 Conjurations
 * Level 5.2 Fire Magic


You had 4 spell levels left.
You knew the following spells:

 Your Spells              Type           Power        Failure   Level  Hunger
a - Foxfire               Conj/Fire      ###.         3%          1    None
b - Conjure Flame         Conj/Fire      ###.....     11%         3    ###....
c - Sticky Flame          Conj/Fire      ###.....     34%         4    ####...

Your spell library contained the following spells:

 Spells                   Type           Power        Failure   Level  Hunger
 Inner Flame              Hex/Fire       ###.....     21%         3    ###....
 Fireball                 Conj/Fire      ###.......   67%         5    ######.


Dungeon Overview and Level Annotations

Branches:
Dungeon (5/15)
 Temple: D:4-7

Altars:
Cheibriados
Elyvilon
Hepliaklqana
Vehumet
Zin
The Shining One
Beogh

Annotations:
D:3 3 runed translucent doors, Stil's ghost, amateur KoHu
D:4 Pikel


Message History

Found 2 gold pieces.
You feel sick.
You see here a ration.
Found a stone staircase leading down.
The worker ant barely misses you.
Casting: Foxfire (safe; 3% risk of failure)
Confirm with . or Enter, or press ? or * to list all spells.
The spell is quite dangerous to cast (11% risk of failure)!
Continue anyway?
The fire begins to smolder!
You are feeling hungry.
The worker ant barely misses you.
Unknown command.
Casting: Conjure Flame (quite dangerous; 11% risk of failure)
Confirm with . or Enter, or press ? or * to list all spells.
The spell is quite dangerous to cast (11% risk of failure)!
Continue anyway?
Uppercase [Y]es or [N]o only, please.
The spell is quite dangerous to cast (11% risk of failure)!
Continue anyway?
The fire ignites!
You are engulfed in blazing flames.
Ouch! That really hurt!
You die...

.........
......<..
#.S......
#........
###........
#.a........
#%#......!.
####a#........
#>..@.........
#......#.....#
#.$....#######
#......#
########


You could see 2 worker ants.

Vanquished Creatures
  An orc priest (D:3)
  An iguana (D:4)
  Crazy Yiuf (D:3)
  Terence (D:2)
  A worker ant (D:4)
  A gnoll (D:1)
  2 adders (D:2)
  A shadow imp (D:2)
  A worm (D:4)
  4 dart slugs
  5 orcs (D:3)
  2 bats
  4 giant cockroaches
  7 goblins
  5 hobgoblins
  5 jackals
  2 frilled lizards
  6 kobolds
  5 rats
55 creatures vanquished.

Vanquished Creatures (collateral kills)
  A goblin (D:2)
1 creature vanquished.

Vanquished Creatures (others)
  167 foxfires
167 creatures vanquished.

Grand Total: 223 creatures vanquished

Notes
Turn   | Place    | Note
-------+----------+-------------------------------------------
     0 | D:1      | Haldmier the Deep Elf Fire Elementalist began the quest for
                  | the Orb.
     0 | D:1      | Reached XP level 1. HP: 10/10 MP: 6/6
    96 | D:1      | Reached XP level 2. HP: 15/15 MP: 2/8
   295 | D:1      | Reached skill level 4 in Fire Magic
   797 | D:1      | Reached XP level 3. HP: 18/19 MP: 7/9
   818 | D:1      | Learned a level 3 spell: Conjure Flame
  1560 | D:2      | Found a faded altar of an unknown god.
  1752 | D:2      | Noticed Terence
  1821 | D:2      | Killed Terence
  1821 | D:2      | Reached XP level 4. HP: 18/24 MP: 0/11
  1916 | D:2      | Learned a level 4 spell: Sticky Flame
  1930 | D:2      | Found a snail-covered altar of Cheibriados.
  2150 | D:2      | Found a radiant altar of Vehumet.
  2357 | D:3      | Found a runed translucent door.
  2358 | D:3      | Noticed Crazy Yiuf
  2383 | D:3      | Killed Crazy Yiuf
  2808 | D:3      | Found a runed translucent gate.
  2809 | D:3      | Found a runed translucent gate.
  2810 | D:3      | Found a roughly hewn altar of Beogh.
  2810 | D:3      | Found a runed translucent gate.
  2813 | D:3      | Noticed Stil's ghost (amateur KoHu)
  2930 | D:3      | Reached XP level 5. HP: 28/28 MP: 8/12
  2951 | D:3      | Reached skill level 5 in Fire Magic
  3174 | D:3      | Found a white marble altar of Elyvilon.
  3174 | D:3      | Found a glowing silver altar of Zin.
  3175 | D:3      | Found a glowing golden altar of the Shining One.
  3572 | D:4      | Found a hazy altar of Hepliaklqana.
  3667 | D:4      | Noticed Pikel
  3667 | D:4      | Noticed a slave
  3667 | D:4      | Noticed a slave
  3667 | D:4      | Noticed a slave
  3667 | D:4      | Noticed a slave
  3737 | D:5      | Entered Level 5 of the Dungeon
  3743 | D:5      | Engulfed by a cloud of flame

Illustrated notes

Levels and vault maps discovered:
D:1:      psy_arrival_radial01, layout_basic
D:2:      layout_rooms, cheibriados_altar_1, nicolae_overflow_hidden_temple,
          chequers_ecumenical_altar_island, minmay_tetromino_l2, uniq_terence
D:3:      layout_basic, good_gods_temple_1, biasface_ghost_orc_armoury,
          uniq_crazy_yiuf_cottage
D:4:      layout_loops_cross, kennysheep_little_box, first_ration, uniq_pikel
D:5:      layout_rooms, serial_shops, shop, trog_wizard, uniq_eustachio,
          uniq_sigmund, uniq_blork_the_orc

Skill      XL: |  1  2  3  4  5 |
---------------+----------------+-----
Fire Magic     | 4 5 |  5.2
Conjurations   | 2 3 |  3.3
Stealth        | 3 |  3.0
Dodging        | 3 |  3.4
Spellcasting   | 4 |  4.0

Action                   |  1- 3 |  4- 6 || total
-------------------------+-------+-------++-------
Melee: Spear             |    27 |     1 ||    28
       Quarterstaff      |       |    10 ||    10
 Cast: Foxfire           |    59 |    47 ||   106
       Conjure Flame     |       |     2 ||     2
 Stab: Sleeping          |     2 |       ||     2
  Eat: Chunk             |     2 |     6 ||     8
Armor: Robe              |     9 |       ||     9
       Troll leather arm |     4 |     6 ||    10
Dodge: Dodged            |    44 |    12 ||    56
